AoeStats
← agamemnon_of_mycenae

Oasis

509972240Analyzed
4v4 RM · 3d ago on Sep 28, 2026· 45m 55s· 8 players
Game mode
Random Map
Map size
Large (8 player)
Population
200
Speed
Normal
Resources
Standard
Victory
Conquest
Starting age
Dark Age
Ending age
Imperial Age
RankedLock teamsTeams togetherTeam positionsShared explorationLock speedFull tech treeHidden civsTurbo modeCheats
Victory
Defeat
1165
+10
🇲🇽 Cumans · Mexico
1150
+11
🇲🇽 Persians · Mexico
1074
+14
🇺🇸 Ethiopians · United States
1007
+17
🇸🇪 Saracens · Sweden
1147
-17
🇦🇷 Portuguese · Argentina
1074
-15
🇫🇷 Mongols · France
975
-11
🇦🇷 Franks · Argentina
936
-9
Bailador Sensual
11:43 Feudal Age
12:07 Loom
16:33 Castle Age
14:55 Double-Bit Axe
14:53 Horse Collar
18:30 Bow Saw
19:06 Heavy Plow
27:23 Wheelbarrow
26:33 Town Watch
28:54 Hand Cart
28:52 Caravan
34:08 Imperial Age
33:40 Bloodlines
33:30 Husbandry
33:37 Scale Barding Armor
33:33 Scale Mail Armor
33:44 Forging
33:51 Gold Mining
33:52 Stone Mining
35:09 Crop Rotation
35:42 Two-Man Saw
35:15 Elite War Elephant
36:28 Conscription
36:31 Chain Barding Armor
36:12 Scale Mail Armor
38:59 Plate Barding Armor
39:00 Iron Casting
43:01 Blast Furnace
43:49 Gold Shaft Mining
43:50 Stone Shaft Mining
44:45 Coinage
DroppingKnowLedge SOuUU! ツ
11:09 Feudal Age
11:52 Double-Bit Axe
19:34 Castle Age
17:48 Horse Collar
18:38 Loom
18:43 Town Watch
18:54 Stone Mining
22:32 Bow Saw
22:25 Heavy Plow
23:51 Gold Mining
26:25 Gold Shaft Mining
25:46 Fletching
31:13 Imperial Age
29:07 Forging
28:57 Scale Mail Armor
28:53 Bodkin Arrow
29:12 Forging
29:02 Scale Mail Armor
29:06 Town Patrol
29:40 Masonry
29:23 Treadmill Crane
29:40 Murder Holes
29:58 Fortified Wall
30:04 Fortified Wall
29:50 Murder Holes
29:35 Treadmill Crane
30:01 Pikeman
30:41 Squires
30:27 Arson
30:11 Man-at-Arms
31:49 Caravan
33:39 Two-Man Saw
33:19 Crop Rotation
33:22 Conscription
33:13 Elite Berserk
33:54 Long Swordsman
34:36 Bracer
35:11 Iron Casting
35:15 Chain Mail Armor
35:02 Two-Handed Swordsman
36:20 Hoardings
35:50 Champion
39:57 Plate Mail Armor
40:28 Blast Furnace
42:27 Ballistics
43:08 Chemistry
42:39 Architecture
42:16 Siege Engineers
42:03 Heated Shot
44:41 Chieftains
agamemnon_of_mycenae
7:17 Loom
10:32 Feudal Age
11:09 Double-Bit Axe
12:02 Wheelbarrow
11:22 Gold Mining
16:20 Horse Collar
19:29 Castle Age
20:13 Heavy Plow
20:24 Bow Saw
20:50 Crossbowman
21:24 Fletching
21:34 Padded Archer Armor
26:53 Stone Mining
28:06 Thumb Ring
31:04 Bodkin Arrow
31:24 Leather Archer Armor
31:37 Hand Cart
32:23 Ballistics
37:58 Imperial Age
35:22 Town Watch
39:20 Conscription
38:33 Arbalester
39:17 Bracer
39:47 Ring Archer Armor
40:27 Chemistry
41:37 Torsion Engines
Ragnar-Lothbrok
9:26 Feudal Age
12:28 Loom
13:58 Double-Bit Axe
20:27 Castle Age
19:19 Wheelbarrow
20:09 Horse Collar
21:24 Bow Saw
22:11 Stone Mining
22:33 Heavy Plow
25:08 Forging
25:04 Scale Barding Armor
25:50 Hand Cart
25:58 Bloodlines
26:27 Iron Casting
26:52 Steppe Husbandry
30:34 Imperial Age
29:18 Gold Mining
29:55 Chain Barding Armor
29:26 Fletching
29:52 Masonry
30:00 Capped Ram
30:51 Elite Steppe Lancer
31:59 Conscription
33:51 Two-Man Saw
34:52 Siege Ram
39:07 Caravan
40:46 Blast Furnace
40:21 Plate Barding Armor
41:02 Elite Kipchak
43:25 Bodkin Arrow
43:53 Ballistics
44:36 Chemistry
CampanaUrban
10:43 Feudal Age
15:38 Castle Age
15:18 Stone Mining
15:14 Double-Bit Axe
25:23 Loom
27:16 Husbandry
27:19 Horse Collar
33:04 Imperial Age
31:33 Gold Mining
31:50 Heavy Plow
32:02 Bow Saw
33:10 Bloodlines
32:57 Fletching
35:10 Conscription
38:42 Chemistry
39:58 Arquebus
francis le tueur
14:45 Feudal Age
16:45 Double-Bit Axe
16:42 Horse Collar
16:57 Gold Mining
17:01 Stone Mining
18:21 Wheelbarrow
17:59 Loom
18:05 Town Watch
26:25 Castle Age
26:01 Fletching
26:11 Padded Archer Armor
26:29 Bloodlines
28:16 Hand Cart
28:13 Bow Saw
28:05 Heavy Plow
28:43 Gold Shaft Mining
28:46 Stone Shaft Mining
28:26 Caravan
29:48 Bodkin Arrow
30:09 Leather Archer Armor
29:58 Husbandry
30:28 Ballistics
31:01 Fortified Wall
31:54 Masonry
31:44 Murder Holes
33:38 Nomads
38:16 Imperial Age
39:42 Conscription
39:28 Elite Mangudai
41:46 Bracer
43:00 Chemistry
43:53 Siege Engineers
jhonzx11
10:48 Feudal Age
15:49 Castle Age
16:14 Wheelbarrow
16:00 Double-Bit Axe
34:29 Husbandry
36:57 Elite Skirmisher
41:47 Imperial Age
Hans Solo
10:30 Feudal Age
16:15 Castle Age
15:00 Double-Bit Axe
15:45 Horse Collar
19:03 Bow Saw
19:33 Heavy Plow
23:02 Gold Mining
23:08 Stone Mining
25:40 Forging
26:33 Gold Shaft Mining
27:00 Wheelbarrow
27:17 Iron Casting
28:28 Hand Cart
28:30 Scale Barding Armor
29:47 Chain Barding Armor
35:07 Imperial Age
35:03 Loom
35:04 Town Watch
35:25 Husbandry
35:37 Bloodlines
37:09 Two-Man Saw
35:41 Elite Mameluke
36:42 Conscription
37:33 Blast Furnace
37:09 Plate Barding Armor
36:51 Light Cavalry
38:10 Town Patrol
37:38 Hussar
39:10 Caravan
39:46 Coinage
39:19 Scale Mail Armor
40:39 Chain Mail Armor
40:16 Fletching
44:07 Pikeman
44:49 Squires
44:34 Arson
Connection lost

Rejoining the realm…

Still unreachable

The connection could not be restored.

Session expired

The server has moved on; the page needs a fresh start.